Map: Acid Plant LE

Players

Isszul - Winner!

  • Race: Zerg Zerg
  • Spawn Location: 11:00

Mrbeefy

  • Race: Zerg Zerg
  • League: Diamond
  • Spawn Location: 5:00

VOD

Have the link to the VOD?

Description

Time

  • Played on: April 28, 2018, 4:32 a.m.
  • Length: 11:52
Show
View Real Time Build Order
Export as new Build Order

Isszul Zerg - Winner!

Build Orders: Hatch First, Lurkers, Zergling Baneling 

Get SALT Encoding   

  12  0:00  Drone  
  13  0:13  Overlord  
  13  0:23  Drone  
  14  0:31  Drone  
  14  0:32  Drone  
  16  0:36  Drone  
  17  0:53  Hatchery  
  17  0:56  Drone  
  17  1:00  Drone  
  18  1:10  Extractor  
  17  1:16  Spawning Pool  
  17  1:18  Drone  
  17  1:21  Drone  
  18  1:31  Drone  
  19  1:40  Overlord  
  19  2:03  Zergling x4, Queen  
  19  2:05  Zergling x2, Queen  
  26  2:12  Zergling x2, Baneling Nest  
  26  2:15  Zergling x2  
  27  2:24  Drone  
  28  2:34  Drone x2  
  30  2:38  Drone  
  31  2:44  Drone  
  31  2:49  Metabolic Boost  
  31  2:51  Drone  
  33  2:56  Baneling  
  33  3:01  Baneling  
  33  3:03  Drone  
  33  3:04  Drone  
  36  3:05  Drone  
  36  3:16  Overlord  
  36  3:17  Hatchery  
  36  3:19  Overlord  
  35  3:20  Baneling  
  35  3:26  Drone  
  36  3:29  Overlord  
  36  3:37  Drone  
  36  3:38  Drone x4  
  36  3:41  Drone  
  42  3:49  Drone x4  
  42  3:53  Extractor  
  44  3:57  Zergling x6  
  47  4:05  Zergling x4  
  47  4:07  Baneling x2  
  47  4:08  Drone  
  49  4:23  Drone x3  
  50  4:25  Hatchery  
  50  4:29  Baneling  
  50  4:30  Baneling x2  
  48  4:33  Drone x4  
  52  4:40  Evolution Chamber  
  52  4:43  Evolution Chamber  
  52  4:44  Roach Warren  
  49  4:45  Drone  
  49  4:46  Drone x2  
  51  4:59  Zergling x4  
  53  5:05  Extractor  
  53  5:06  Drone x2  
  54  5:16  Drone  
  54  5:20  Lair  
  53  5:42  Zergling x20  
  62  5:46  Zerg Missile Weapons Level 1, Zerg Ground Armor Level 1  
  62  5:48  Queen  
  62  5:49  Drone  
  65  5:51  Overlord x2  
  65  6:11  Drone x3  
  65  6:12  Drone x6  
  65  6:15  Baneling x2  
  74  6:30  Drone x3  
  74  6:31  Drone x5  
  80  6:44  Roach  
  80  6:45  Overlord x5, Glial Reconstitution  
  82  6:50  Hydralisk Den  
  82  6:51  Extractor  
  82  6:52  Extractor  
  79  6:54  Overlord, Unknown  
  79  6:55  Overlord  
  79  6:59  Drone x3  
  82  7:03  Spine Crawler  
  82  7:04  Hatchery  
  82  7:05  Overlord x2, Spine Crawler  
  82  7:06  Spine Crawler  
  78  7:15  Zergling x12  
  83  7:22  Drone x3  
  86  7:25  Lurker Den  
  86  7:26  Hydralisk x2, Muscular Augments  
  86  7:27  Hydralisk x3  
  95  7:31  Zergling x8  
  95  7:32  Zergling x2  
  95  7:34  Extractor  
  99  7:41  Roach  
  99  7:42  Roach  
  99  7:43  Baneling x5  
  103  7:51  Roach x2  
  106  7:57  Drone x6  
  106  7:58  Drone x2  
  116  8:05  Roach  
  116  8:10  Roach x2  
  120  8:18  Roach x3  
  120  8:19  Roach  
  124  8:34  Roach  
  124  8:35  Roach x7  
  124  8:36  Roach x2  
  124  8:37  Grooved Spines  
  124  8:39  Hydralisk x4  
  141  8:43  Roach x2  
  137  8:49  Infestation Pit  
  137  8:53  Lurker  
  137  8:54  Lurker x2  
  135  8:56  Zergling x10  
  135  9:00  Overlord x2, Lurker  
  135  9:01  Overlord  
  131  9:14  Queen  
  131  9:16  Roach x5  
  143  9:17  Zerg Missile Weapons Level 2, Zerg Ground Armor Level 2  
  138  9:29  Hydralisk x4  
  139  9:39  Roach x5  
  136  9:48  Roach x4  
  136  9:49  Roach  
  138  9:57  Roach x4  
  144  10:04  Lurker  
  144  10:07  Zergling x16  
  146  10:12  Extractor  
  146  10:13  Extractor  
  151  10:14  Drone  
  151  10:15  Drone x6  
  151  10:18  Hive  
  151  10:20  Overlord x4  
  156  10:24  Hydralisk, Hatchery  
  156  10:27  Lurker  
  156  10:31  Overseer  
  156  10:33  Roach  
  156  10:34  Roach  
  160  10:35  Zergling x4  
  160  10:36  Zergling x6  
  160  10:42  Hydralisk x2  
  165  10:44  Zergling x4  
  165  10:45  Zergling x14  
  165  10:46  Zergling x2  
  165  10:49  Lurker  
  180  10:54  Overlord  
  180  11:02  Lurker  
  181  11:04  Roach x3  
  181  11:05  Roach  
  181  11:07  Zergling x8  
  193  11:15  Overseer  
  193  11:18  Lurker  
Show
View Real Time Build Order
Export as new Build Order

Mrbeefy Zerg 

Build Orders: Pool First 

Get SALT Encoding   

  12  0:03  Drone  
  13  0:16  Overlord  
  13  0:17  Drone  
  14  0:35  Drone x2  
  16  0:45  Spawning Pool  
  15  0:51  Drone  
  15  0:52  Drone  
  17  1:11  Hatchery  
  17  1:15  Drone  
  17  1:18  Extractor  
  17  1:32  Zergling x2  
  17  1:33  Zergling x4  
  17  1:38  Queen  
  21  1:45  Overlord  
  21  1:55  Drone  
  22  2:05  Drone  
  23  2:13  Queen  
  25  2:25  Metabolic Boost, Drone x2  
  27  2:36  Drone x2  
  29  2:41  Baneling Nest, Drone  
  29  2:56  Drone x2  
  31  3:03  Drone  
  32  3:11  Hatchery  
  32  3:12  Overlord  
  31  3:18  Zergling x4  
  33  3:26  Zergling x6  
  36  3:33  Zergling x6  
  39  3:36  Baneling x2  
  39  3:40  Zergling x4  
  41  3:45  Overlord  
  41  3:53  Zergling x6  
  44  4:07  Zergling x8  
  44  4:23  Zergling x6  
  42  4:27  Zergling x4  
  41  4:32  Drone x2  
  41  4:36  Baneling x2  
  43  4:41  Queen  
  43  4:44  Drone x2  
  46  4:51  Drone x2  
  46  4:52  Drone  
  49  4:59  Lair  
  48  5:04  Roach Warren  
  47  5:07  Evolution Chamber  
  47  5:12  Drone x3  
  47  5:13  Overlord  
  49  5:16  Drone x2  
  51  5:31  Drone x3  
  53  5:42  Zergling x6  
  54  5:48  Zerg Missile Weapons Level 1  
  54  5:50  Drone  
  54  5:51  Drone x2  
  54  5:52  Extractor  
  54  5:55  Roach x3  
  62  5:57  Glial Reconstitution  
  62  6:05  Roach  
  62  6:08  Baneling x2  
  64  6:27  Overlord x2  
  64  6:28  Overlord  
  64  6:31  Overseer  
  52  6:42  Zergling x2  
  52  6:43  Zergling x6  
  54  6:48  Zergling x8  
  54  6:50  Roach x3  
  64  6:59  Overlord x2  
  64  7:00  Roach  
  66  7:03  Drone x4  
  70  7:09  Drone x5  
  70  7:15  Overlord x2  
  75  7:16  Roach  
  75  7:20  Queen  
  79  7:32  Extractor, Drone x3  
  81  7:39  Extractor  
  81  7:40  Drone x3  
  81  7:42  Roach x3  
  89  7:53  Roach x5  
  99  8:02  Roach x4  
  103  8:14  Roach x4  
  103  8:15  Roach  
  108  8:35  Roach x3  
  108  8:36  Roach  
  114  8:43  Overlord x4  
  109  8:50  Overlord  
  109  8:51  Overlord x2  
  106  9:00  Overlord  
  106  9:01  Overlord  
  106  9:07  Roach x4  
  106  9:08  Roach x2  
  115  9:11  Overseer  
  115  9:17  Overseer  
  115  9:19  Queen  
  115  9:20  Drone x4  
  115  9:22  Roach x5  
  131  9:25  Roach x2  
  134  9:41  Roach x3  
  121  9:47  Roach x5  
  121  9:51  Roach  
  99  10:00  Drone x4  
  99  10:02  Overseer x2  
  99  10:04  Drone x2  
  105  10:07  Extractor  
  105  10:09  Extractor  
  105  10:14  Overlord x2  
  103  10:27  Drone  
  103  10:28  Drone x5  
  109  10:34  Drone x3  
  112  10:42  Hatchery  
  111  10:44  Hydralisk Den  
  111  10:48  Drone  
  111  10:52  Drone x4  
  115  11:04  Roach  
  115  11:05  Roach x4  
  115  11:10  Roach x2  
  129  11:15  Hydralisk x4  
  137  11:21  Ravager x3  
  140  11:26  Roach x3  
Tags
 
Add a new tag
Caveats
  • Supply blocks, unpowered buildings, or Contaminate may cause inaccurate times.
  • Supply counts are checked every 10 seconds.